[Event "1000GM 0003 GM Norm 2022"]
[Site "Saint Louis"]
[Date "2022.09.25"]
[Round "8.3"]
[White "Kretchetov, Alexandre"]
[Black "Gedajlovic, Max"]
[Result "0-1"]
[ECO "E51"]
[WhiteElo "2144"]
[BlackElo "2343"]
[Annotator "TA"]
[PlyCount "69"]
[EventDate "2022.09.21"]
[EventType "tourn"]
[EventCountry "USA"]
[SourceTitle "playchess.com"]
[Source "ChessBase"]
[SourceQuality "1"]
[TimeControl "5400+30"]

1. Nf3 d5 2. d4 Nf6 3. c4 e6 4. Nc3 Bb4 5. e3 O-O 6. Bd2 b6 7. cxd5 exd5 8. Bd3 {[%emt 0:00:03] E51: Nimzo-Indian: Rubinstein: 4...0-0 5 Nf3 d5.} Bd6 9. O-O Re8 {[%emt 0:00:06] Prevents e4.} 10. Qb1 {[%emt 0:00:13] The position is equal.} Nbd7 11. b4 c5 {[%emt 0:00:10] [#]} 12. bxc5 $146 ({Predecessor:} 12. e4 cxd4 13. Nb5 Bb8 14. exd5 Bb7 15. Nbxd4 Ne5 16. Bg5 Nxd3 17. Qxd3 Qxd5 18. Bxf6 gxf6 {0-1 (58) Nasyrova,E (2097)-Lintchevski,D (2556) Novorossiysk 2022}) 12... bxc5 13. Qc2 c4 14. Bf5 Nb6 15. Rab1 Ne4 16. Bxc8 Rxc8 17. Ne2 Qd7 18. Ba5 {[%emt 0:01:08] Inhibits c3.} Rc6 19. Nc3 Bc7 20. Rfd1 Nxc3 21. Bxc3 Rh6 22. Ne5 Qe6 23. Rb5 (23. h3 $15) 23... f6 $19 24. Nf3 g5 $1 {[%emt 0:00:48] ...g4 is the strong threat.} 25. h3 g4 26. hxg4 Qxg4 27. Ba5 Qh5 (27... Kh8 $19 {is more deadly. Threatens to win with ...Rh3.} 28. Rc5 (28. Bxb6 $2 axb6 29. a4 Rh3 $19) 28... Rg8) 28. Kf1 $17 Rg6 $36 {[%emt 0:01:01][%mdl 2048] Black has strong initiative.} 29. Bxb6 Bf4 {[%emt 0:03:10] Dancing on a razor blade.} (29... Bxb6 30. Ng1 $11) (29... axb6 $17 30. Ng1 Qg4) 30. Kg1 $2 (30. Bc7 $11 Bxc7 31. Ng1) 30... Rxe3 (30... Qg4 31. Ne1 $11) (30... Rh6 $142 31. Kf1 Qh1+ 32. Ng1 Rh2 33. Qe2 Qxg2+ 34. Ke1 Rxe3 $3 35. Kd2 Qxf2 36. Bxa7 Rb3+ 37. Kc2 Qxe2+ 38. Nxe2 Rxe2+ 39. Rd2 Rxd2+ 40. Kc1 Rxa2+ 41. Kd1 Rxb5 42. Ke1 Rb1#) 31. Rxd5 {[%emt 0:04:36] [#]} Rxg2+ $1 {[%emt 0:00:29][%mdl 64] Remove Defender, Decoy} ({And not} 31... Qxd5 32. fxe3 Bxe3+ 33. Kf1 axb6 34. Qe2 $15) 32. Kxg2 Qxf3+ 33. Kg1 Qg4+ ({Inferior is} 33... Qxd5 34. fxe3 Bxe3+ 35. Kh2 axb6 36. Qe2 $17 (36. Qg2+ $2 Qxg2+ 37. Kxg2 c3 $19)) 34. Kf1 Qg6 $4 (34... Qh3+ {and all is fine.} 35. Kg1 Qh2+ 36. Kf1 Qh1#) 35. Rb5 $4 {[%mdl 8192] Weighted Error Value: White=0.52/Black=0.43} (35. Qxg6+ $18 hxg6 36. fxe3) 0-1

[Event "1000GM 0003 GM Norm 2022"]
[Site "Saint Louis"]
[Date "2022.09.25"]
[Round "8.4"]
[White "Mardov, Dimitar"]
[Black "Tugstumur, Yesuntumur"]
[Result "1/2-1/2"]
[WhiteElo "2414"]
[BlackElo "2375"]
[Annotator "TA"]
[PlyCount "36"]
[EventDate "2022.09.21"]
[EventType "tourn"]
[EventCountry "USA"]
[SourceTitle "playchess.com"]
[Source "ChessBase"]
[SourceQuality "1"]
[TimeControl "5400+30"]

1. e4 c5 2. Nf3 e6 3. d4 cxd4 4. Nxd4 Nc6 5. Nc3 Qc7 6. f4 a6 7. Nxc6 Qxc6 8. Bd3 {[%emt 0:00:17] [#]} {Predecessor:} b5 $146 {B47: Sicilian: Taimanov: 5 Nc3 Qc7 6 f4, 6 g3 and 6 Be2.} 9. Qe2 Bb7 10. Bd2 Bc5 11. O-O-O Ne7 12. a3 O-O 13. h4 b4 14. axb4 Bxb4 15. h5 a5 16. h6 g6 17. Qf2 f6 18. Rh3 Ba6 {1-0 (41) Adams,M (2692)-Fedorchuk,S (2621) Germany 2021} 1/2-1/2

[Event "1000GM 0003 GM Norm 2022"]
[Site "Saint Louis"]
[Date "2022.09.25"]
[Round "8.5"]
[White "Williams, Justus"]
[Black "Stearman, Josiah"]
[Result "1-0"]
[ECO "B53"]
[WhiteElo "2392"]
[BlackElo "2387"]
[Annotator "TA"]
[PlyCount "121"]
[EventDate "2022.09.21"]
[EventType "tourn"]
[EventCountry "USA"]
[SourceTitle "playchess.com"]
[Source "ChessBase"]
[SourceQuality "1"]
[TimeControl "5400+30"]

1. e4 c5 2. Nf3 Nc6 3. Bb5 d6 4. d4 cxd4 5. Qxd4 Bd7 6. Bxc6 Bxc6 7. c4 Nf6 8. Nc3 g6 9. Bg5 Bg7 10. O-O O-O {[%emt 0:00:11][%cal Of6e4,Bh8f8,Bf8f5,Bf5e5][%mdl 32] B53: Sicilian: 2...d6: Lines with Qxd4.} 11. Qe3 Ng4 {[%emt 0:07:43] [#]} 12. Qf4 $146 (12. Qd3 $11) ({Predecessor:} 12. Qd3 Ne5 13. Nxe5 Bxe5 14. Be3 Bg7 15. Bd4 Bxd4 16. Qxd4 Qa5 17. a3 Qc5 18. Qxc5 dxc5 {1-0 (64) Gonzalez Grave de Peralta,R (2069)-De la Torre Sanchez,A (2080) Santa Clara 2011}) 12... f5 (12... Qd7 $15 13. h3 Bxc3 14. bxc3 Ne5) 13. exf5 $14 h5 (13... Ne5 $14 14. Nd4 Rf7) 14. Nd5 (14. Nh4 $16) 14... Bxd5 15. cxd5 Rxf5 16. Qe4 (16. Qd2 $14 {is superior.}) 16... Ne5 $132 {[%emt 0:00:42][%mdl 2048] Black has counterplay} 17. Nxe5 Rxe5 18. Qh4 Qb6 19. Rad1 Rc8 20. Be3 Qxb2 (20... Qb5 $11) 21. Bd4 $16 Qb4 {[%emt 0:00:02] [#] Threatens to win with ...Rc4.} 22. Qg3 Kh7 (22... Rxd5 $2 23. Qxg6 Rxd4 24. Rxd4 (24. Qe6+ Kh7 $16) 24... Qxd4 25. Qe6+ Kh7 26. Qf5+ (26. Qxc8 Qe4 $16) 26... Kh6 27. Qxc8 $18) 23. Bxe5 Bxe5 24. Qh3 Rc2 25. f4 (25. Qd7 $14) 25... Bf6 $11 26. f5 Rxa2 27. fxg6+ Kxg6 28. Rf3 Qc5+ 29. Kh1 Qxd5 $1 30. Rdf1 {[%emt 0:00:49] And now Rf5 would win.} h4 (30... Kh7 $2 31. Rf5 Qxg2+ 32. Qxg2 $18) 31. Qg4+ Qg5 32. Qe4+ (32. Rxf6+ exf6 33. Qe4+ Kh6 $17) 32... Kg7 33. Rf4 {[%emt 0:02:11] Black must now prevent Rg4. Really sharp!} Kf8 $2 {[%emt 0:03:43][%mdl 8192] White leaves nothing to chance now.} (33... Kh6 $11 {and Black has nothing to worry.}) 34. Rf5 $18 Qg7 35. Qxb7 (35. h3 $142) 35... Qf7 $2 (35... Qg6 36. h3 Re2) 36. Qc8+ Qe8 37. Qc3 (37. Rxf6+ exf6 38. Qc4 (38. Rxf6+ $2 Kg7 $19) 38... Ra4 $11) 37... Kg7 (37... Re2 $18 38. R5f4 Re5 39. Rxh4 Kf7) 38. Rxf6 exf6 39. Qxf6+ {[%emt 0:00:04] KQR-KQR} Kh7 40. Qxh4+ Kg7 41. Qf6+ Kh7 42. Qxd6 (42. Rb1 $142 Kg8 43. Qg5+ Kh8 44. Qh4+ Kg7 45. Qg3+ Kh8 46. Qc3+ Qe5 47. Qc8+ Kg7 48. Rb7+ Kg6 49. Qg8+ Kf6 50. Qf8+ Kg6 51. Qf7+ (51. Qf1 Ra1 $11) 51... Kg5 52. Qg8+ Kf4 53. g3+ Kf3 54. Qf7+ Ke3 55. Qb3+ Kf2 56. Qxa2+ Kf3 57. Qf7+ Ke3 58. Rb3+ Kd4 59. Rb4+ Ke3 60. Qb3+ Kd2 61. Qa2+ Ke3 62. Rb3+ Kd4 63. Qd2+ Kc5 64. Qc2+ Kd5 65. Rb5+ Ke6 66. Qg6+ Kd7 67. Qf7+ Kc8 68. Rxe5) 42... Re2 43. h3 Re6 44. Qd3+ Rg6 $2 (44... Kh6 45. Rf4 Qe7) 45. Rf5 {[%emt 0:00:56] White wants to mate with Rh5+.} Qe1+ {[%emt 0:01:35] [#]} 46. Kh2 $1 Kh6 {[%emt 0:00:10] Against Rh5+} 47. Qa3 {[%emt 0:01:40] Threatening mate with Qf8+.} Qe8 48. Qc1+ Kg7 49. Qb2+ Kh6 50. Qd2+ (50. Rf4 $142 {White threatens Qd4 and mate.} Qd8 51. g3) 50... Kg7 51. Qb2+ (51. Qd4+ $142 Kg8 52. Qd5+ (52. Qxa7 Rxg2+ 53. Kh1 Rg7 $11) 52... Kg7 53. Qb7+ Kh6 54. Qb4 (54. Qxa7 Rxg2+ 55. Kh1 Qe4 $11) (54. Qf3 Qb8+ 55. g3 Qb2+ 56. Qg2 Qxg2+ 57. Kxg2 Ra6 $18)) 51... Kh6 52. g4 (52. Rf4 $142 {Qd4 would kill now.} Qd8 53. g3) 52... Re6 {[%emt 0:01:35] Hoping for ...Re2+.} 53. Rh5+ {[%emt 0:00:14] White mates.} Kg6 54. Qc2+ Re4 55. Ra5 Kh6 56. Qd2+ Re3 57. Qd6+ Re6 58. Qf4+ Kg7 59. Rxa7+ Kg8 60. Qg5+ Rg6 61. Qd5+ {[%emt 0:00:09] Weighted Error Value: White=0.62/Black=0.43} 1-0

[Event "1000GM 0003 GM Norm 2022"]
[Site "Saint Louis"]
[Date "2022.09.25"]
[Round "9.4"]
[White "Antipov, Mikhail Al."]
[Black "Kretchetov, Alexandre"]
[Result "1-0"]
[ECO "B47"]
[WhiteElo "2603"]
[BlackElo "2144"]
[Annotator "TA"]
[PlyCount "85"]
[EventDate "2022.09.21"]
[EventType "tourn"]
[EventCountry "USA"]
[SourceTitle "playchess.com"]
[Source "ChessBase"]
[SourceQuality "1"]
[TimeControl "5400+30"]

1. e4 c5 2. Nf3 e6 3. d4 cxd4 4. Nxd4 Nc6 5. Nc3 Qc7 6. f4 a6 7. Nxc6 Qxc6 8. Bd3 b5 9. Qe2 Bb7 10. Bd2 Nf6 11. e5 {[%emt 0:14:04] B47: Sicilian: Taimanov: 5 Nc3 Qc7 6 f4, 6 g3 and 6 Be2.} Nd5 (11... Qxg2 $2 12. Qxg2 Bxg2 13. Rg1 $18) 12. Be4 Qc5 13. Qf3 {[%emt 0:06:07] White has an edge.} Rc8 14. Nxd5 Bxd5 15. Bxd5 exd5 16. c3 Qc4 {[%emt 0:04:19] [#]} (16... d4 $11 {deserves consideration.}) 17. Rd1 $146 (17. b3 $14 {is more appropriate.} Qc6 18. O-O) ({Predecessor:} 17. b3 Qe4+ 18. Qxe4 dxe4 19. O-O-O d5 20. exd6 Bxd6 21. Kb2 h5 22. Be3 Ke7 23. g3 {½-½ (23) Tolnai,T (2540)-Begovac,F (2420) Makarska 1994}) 17... Qxa2 18. O-O {[%emt 0:00:58] Black must now prevent Kh1.} Bc5+ (18... Qxb2 19. Qxd5 Be7 20. f5 $14 (20. Bc1 Qxc3 21. Qxd7+ Kf8 $14)) 19. Kh1 {[%emt 0:00:54] Hoping for f5.} Qc4 {[%emt 0:05:11] [#]} ({Don't do} 19... Qxb2 20. Qxd5 O-O 21. Ra1 $14) (19... O-O $11 {remains equal.}) 20. f5 $1 $16 {[%emt 0:03:31][%cal Bf4f5,Bf5f6][%mdl 1056] White has strong compensation.} Rc6 $2 {[%emt 0:05:13] [#] This costs Black the game.} (20... O-O $16 {is a better defense.}) 21. Qg3 $1 $18 O-O (21... Bf8 {was necessary.} 22. Rde1 b4) 22. b4 ({Resist} 22. f6 g6 23. b4 Re8 24. bxc5 Qxc5 $18) 22... Ba7 (22... f6 $142 23. Bh6 Rf7 24. bxc5 Qxc5) 23. f6 {[%emt 0:01:14][%csl Gf6][%cal Rg3g7] White is clearly winning.} g6 24. Qg5 {[%emt 0:02:08] Intending Qh6 and mate.} Kh8 25. Rf3 {[%emt 0:01:27] White threatens Qh6 and mate.} ({Not} 25. Qh6 Rg8 $14) 25... Qe2 26. Re1 {[%emt 0:00:36] Qh6 would kill now.} Be3 27. Qxe3 Qxe3 28. Rfxe3 Re6 29. Rd3 d6 30. Rxd5 dxe5 31. Rdxe5 Rxf6 32. Bh6 Rg8 33. h4 Rc6 34. Re8 {[%emt 0:00:51] Threatening mate with Rxg8+.} Rc8 35. Rxc8 Rxc8 {[%emt 0:00:03][%mdl 4096] Endgame KRB-KR} 36. Re7 Kg8 37. Ra7 f5 38. Rg7+ Kh8 39. Rf7 Kg8 40. Rf6 Ra8 41. Kg1 Rc8 42. Kf2 Ra8 43. Ke3 {[%emt 0:00:10] Weighted Error Value: White=0.36/Black=0.46} 1-0